 BcadrenCrawl: Boulder Brew version 0.04.2-19-ga012a504bd (webtiles) character file.

Game seed: 5090251826336833237, levelgen mode: deterministic

324 gruber the Frost Mage (level 6, 0/36 HPs) Goblin Ice Elementalist. Began on May 20, 2021. Splashed by a jelly's acid (4 damage) ... on level 2 of the Dungeon. The game lasted 00:07:17 (1924 turns).

gruber the Frost Mage (Goblin Ice Elementalist)     Turns: 1924, Time: 00:07:18

Health: 0/36       AC:  4    Str:  2    XL:     6 ^: 56
Magic:  10/10      EV: 19    Int:  9    God:
Gold:   133        SH:  0    Dex:  7    Spells: 2/13 levels left

rFire    . . .     Vision   .   (weapon restricted)
rCold    . . .     Gourm    .   l - +1 dagger (venom)
rNeg     . . .     Faith    .   a - +0 robe
rPois    .         Spirit   .   (no helmet)
rElec    .         Reflect  .   (no cloak)
rCorr    .         Harm     .   g - +0 pair of gloves
MR       .....                  k - +0 pair of boots
Stlth    +.........             (no amulet)
HPRegen  0.22/turn              d - ring of evasion
MPRegen  0.20/turn              (no ring)

@: very slow
A: small, stagnant stats, goblin's greed, low mp 1, mutation resistance 1, god's
pity 2
a: no special abilities


You were on level 2 of the Dungeon.
You were not hungry.

You visited 1 branch of the dungeon, and saw 2 of its levels.

You collected 112 gold pieces.

Inventory:

Weapons
 l - a +1 dagger of venom (weapon)
Armour
 a - a +0 robe (worn)
 g - a +0 pair of gloves (worn)
 k - a +0 pair of boots (worn)
Jewellery
 d - a ring of evasion (left hand)
Scrolls
 f - 2 scrolls of teleportation
 h - a scroll of holy word
 j - 2 scrolls of enchantment
Potions
 e - a potion of might
 i - 2 potions of mutation
Comestibles
 c - 2 rations


   Skills:
 + Level 1.0 Short Blades
 - Level 2.6 Dodging
 - Level 2.6 Stealth
 - Level 4.1 Spellcasting
 - Level 3.0 Summonings
 - Level 8.0 Ice Magic


You had 2 spell levels left.
You knew the following spells:

 Your Spells              Type           Power        Failure   Level  Hunger
a - Freeze                Ice            16 (25)      1%          1    #......
b - Throw Frost           Ice            16 (50)      1%          2    ###....
c - Hailstorm             Ice            16 (100)     10%         4    #####..
d - Throw Icicle          Ice            16 (100)     10%         4    #####..
e - Summon Ice Beast      Ice/Summ       11 (100)     28%         4    #####..

Your spell library contained the following spells:

 Spells                   Type           Power        Failure   Level  Hunger
 Ozocubu's Armour         Chrm/Ice       9 (100)      16%         3    ###....


Dungeon Overview and Level Annotations

Branches:
Dungeon (2/8)

Altars:


Innate Abilities, Weirdness & Mutations

Your stats never grow through leveling.
Your goblin ancestry allows you to find more gold. (+20%)
You are small and have problems with some larger weapons.
Your magical capacity is low. (-10% MP)
You are somewhat resistant to further mutation.
The pity of the gods increases the power of your passive and invoked divine abilities.


Message History

You see here a ration.
You enter the shallow water.
Moving in this stuff is going to be slow.
The jelly quivers.
You see here a ration.
c - 2 rations (gained 1)
You enter the shallow water.
Moving in this stuff is going to be slow.
The jelly hits you but does no damage.
You hit the jelly but do no damage.
Your hands burn (5).
You hit the jelly (3).
Your hands burn (4).
The jelly is moderately wounded. (12/15) HP The jelly hits you (2).
You are splashed with acid (6).
You hit the jelly but do no damage.
Your hands burn (3).
The jelly blocks your attack.
The jelly is moderately wounded. (12/15) HP The jelly hits you (3).
You are splashed with acid (10)!
* * * LOW HITPOINT WARNING * * *
You hit the jelly (2).
Your hands burn (4).
You die...

...≈≈..≈≈≈≈≈≈≈≈≈.≈≈≈≈≈≈≈≈
≈≈≈≈≈.≈...≈≈≈≈≈P.≈≈≈≈.≈≈≈
.≈≈≈≈...≈...≈≈...≈≈≈.≈≈≈≈
#######≈.≈≈...≈≈#########
##≈≈≈≈≈.≈.# #≈≈≈≈≈≈.†#
#≈≈≈≈≈≈≈≈# #≈≈≈≈≈≈≈≈#
#@≈≈≈≈≈≈≈# #J≈≈≈≈≈≈≈#
#≈≈≈≈≈≈≈.# #≈≈≈≈≈...#
#..≈≈≈≈≈.# #≈≈≈≈≈≈≈≈
#≈≈≈≈≈≈≈≈ #≈≈≈≈≈≈≈≈
.≈≈≈≈≈≈≈≈


You could see a jelly.

Vanquished Creatures
  A big kobold (D:1)
  A jelly (D:2)
  4 giant cockroaches (D:1)
  11 sewer rats (D:2)
  7 cinder newts
  2 oozes
  2 ball pythons
  3 bats (D:1)
  7 hobgoblins (D:1)
  6 kobolds
  7 goblins (D:1)
  A hobgoblin skeleton (D:2)
  9 rats
61 creatures vanquished.

Vanquished Creatures (others)
  A leopard gecko (D:2)
  52 withered plants (D:2)
53 creatures vanquished.

Grand Total: 114 creatures vanquished

Notes
Turn   | Place    | Note
-------+----------+-------------------------------------------
     0 | D:1      | gruber the Goblin Ice Elementalist began the quest for the
                  | Orb.
     0 | D:1      | Reached XP level 1. HP: 11/11 MP: 2/2
   109 | D:1      | Reached XP level 2. HP: 9/17 MP: 0/4
   270 | D:1      | Reached skill level 5 in Ice Magic
   270 | D:1      | Reached XP level 3. HP: 21/21 MP: 4/6
   317 | D:1      | Learned a level 2 spell: Throw Frost
   417 | D:1      | Reached XP level 4. HP: 27/27 MP: 7/7
   459 | D:1      | Learned a level 4 spell: Hailstorm
   738 | D:1      | Reached skill level 6 in Ice Magic
   907 | D:1      | Reached XP level 5. HP: 27/31 MP: 8/8
  1156 | D:1      | Learned a level 4 spell: Throw Icicle
  1161 | D:1      | Learned a level 4 spell: Summon Ice Beast
  1397 | D:1      | Reached skill level 7 in Ice Magic
  1501 | D:1      | Reached XP level 6. HP: 24/36 MP: 2/9
  1708 | D:2      | Reached skill level 8 in Ice Magic
  1895 | D:2      | Reached skill level 1 in Short Blades
  1924 | D:2      | Splashed by a jelly's acid

Levels and vault maps discovered:
D:1:      dpeg_arrival_boxorama, layout_basic, minmay_domino_2
D:2:      layout_sewer, marbit_many_paths, elyvilon_niche, first_ration

Skill      XL: |  1  2  3  4  5  6 |
---------------+-------------------+-----
Spellcasting   | 3 4 |  4.1
Ice Magic      | 5 6 7 8 |  8.0
Summonings     | 3 |  3.0
Short Blades   | 1 |  1.0
Dodging        | |  2.6
Stealth        | |  2.6

Action                   |  1- 3 |  4- 6 || total
-------------------------+-------+-------++-------
Melee: Short sword       |    14 |    51 ||    65
       Unarmed           |    11 |   154 ||   165
       Dagger            |       |   108 ||   108
 Cast: Freeze            |    31 |    38 ||    69
       Throw Frost       |       |     2 ||     2
       Summon Ice Beast  |       |     1 ||     1
 Stab: Sleeping          |     1 |     1 ||     2
  Eat: Chunk             |       |     3 ||     3
       Ration            |       |     1 ||     1
Armor: Robe              |     9 |    16 ||    25
Dodge: Dodged            |    54 |   190 ||   244
